 Dungeon Crawl Stone Soup version 0.31.0-12-g77e489cdc1 (webtiles) character file.

Game seed: 5015058489821210598

931 spaghetti the Skirmisher (level 7, 0/50 HPs)
             Began as a Demonspawn Hunter on Feb 18, 2024.
             Slain by an ice beast (4 damage)
             ... on level 6 of the Dungeon.
             The game lasted 00:04:28 (3134 turns).

spaghetti the Skirmisher (Demonspawn Hunter)        Turns: 3134, Time: 00:04:29

Health: 0/50       AC: 10    Str: 16    XL:     7   Next: 86%
Magic:  7/7        EV: 10    Int:  9    God:
Gold:   225        SH:  0    Dex: 25    Spells: 6/6 levels left

rFire   . . .        b - +2 dagger (venom)
rCold   . . .        (no shield)
rNeg    . . .        l - +3 scale mail of Macaroni {Str+4 Dex+5 Stlth-}
rPois   .            (no helmet)
rElec   .            (no cloak)
rCorr   .            (no gloves)
SInv    .            g - +0 pair of boots
Will    .....        (no amulet)
Stlth   +            (no ring)
HPRegen 0.28/turn    (no ring)
MPRegen 0.10/turn

%: no passive effects
@: no status effects
A: thin skeletal structure 1, powered by death 1, powered by pain 1
a: no special abilities


You were on level 6 of the Dungeon.
You visited 1 branch of the dungeon, and saw 6 of its levels.

You collected 225 gold pieces.

Inventory:

Hand Weapons
 a - a +1 shortbow
 b - a +2 dagger of venom (weapon)
Armour
 c - a +0 leather armour
 g - a +0 pair of boots (worn)
 i - a +1 robe of willpower
 l - the +3 scale mail of Macaroni (worn) {Str+4 Dex+5 Stlth-}
   (You found it on level 2 of the Dungeon)

   Str+4:     It affects your strength (+4).
   Dex+5:     It affects your dexterity (+5).
   Stlth-:    It makes you less stealthy.
Jewellery
 m - a ring of see invisible
Wands
 k - a wand of polymorph (6)
Scrolls
 d - 2 scrolls of vulnerability
 f - 3 scrolls of fog
 n - a scroll of identify
Potions
 j - a potion of attraction


   Skills:
 - Level 2.0 Fighting
 + Level 9.1 Ranged Weapons
 - Level 1.7 Dodging
 - Level 0.8 Stealth


You had 6 spell levels left.
You didn't know any spells.
Your spell library contained the following spells:

 Spells                   Type           Power      Damage    Failure   Level
 Gell's Gravitas          Tloc           0%         N/A       99%         3
 Teleport Other           Tloc           0%         N/A       99%         3
 Dispersal                Tloc           0%         N/A       100%        6


Dungeon Overview and Level Annotations

Branches:
Dungeon (6/15)
 Temple: D:4-7

Altars:
Okawaru

Annotations:
D:5 Ijyb
D:6 Edmund


Innate Abilities, Weirdness & Mutations

You have a somewhat thin skeletal structure. (Dex +2, Stealth+)
You regenerate a little health from kills.
You sometimes gain a little power by taking damage.


Message History

You hit the black bear but do no damage.
The black bear looks as sick as possible!
The black bear barely misses you.
The black bear claws you but does no damage.
The black bear claws you.
* * * LOW HITPOINT WARNING * * *
Unknown command.
You hit the black bear.
The black bear looks as sick as possible!
The black bear is moderately wounded.
The black bear closely misses you. x2; The black bear misses you.
You hit the black bear.
The black bear is heavily wounded.
The black bear barely misses you.
The black bear claws you but does no damage. x2
Unknown command.
You hit the black bear.
The black bear is severely wounded.
The black bear bites you but does no damage.
The black bear barely misses you. The black bear claws you.
* * * LOW HITPOINT WARNING * * *
Unknown command.
You hit the black bear.
The black bear is almost dead.
The black bear bites you.
* * * LOW HITPOINT WARNING * * *
The black bear closely misses you.
The black bear claws you but does no damage.
Unknown command.
Unknown command.
You hit the black bear.
You kill the black bear!
Your Ranged Weapons skill increases to level 9!
Unknown command.
The ice beast hits you but does no damage.
Unknown command.
Edmund says, "I'm quite good with sums, too."
The ice beast attacks as it pursues you!
The ice beast hits you.
You die...

#........#
#..##.##.#
####...#.##.#
+......b......
####s..#.##.##
#f.##.# #
#f###.##.#
#s@.Y....#
#####@#### #.#
#.# #.# #.#
#.# #.# ..#


You could see Edmund, an ice beast, a sleepcap (ally target) and a scorpion.

Vanquished Creatures
  Sigmund (D:2)
  A black bear (D:6)
  2 phantoms (D:4)
  Blork the orc (D:4)
  2 orc priests (D:4)
  3 bombardier beetles (D:4)
  Jessica (D:2)
  2 iguanas (D:4)
  2 orc wizards (D:4)
  7 gnolls
  3 adders
  A dart slug (D:4)
  2 ribbon worms
  8 orcs
  7 endoplasms
  16 giant cockroaches
  4 goblins
  5 hobgoblins
  2 jackals (D:4)
  2 quokkas (D:4)
  4 ball pythons
  3 bats
  7 frilled lizards
  7 kobolds
  6 rats
99 creatures vanquished.

Notes
Turn   | Place    | Note
-------+----------+-------------------------------------------
     0 | D:1      | spaghetti the Demonspawn Hunter began the quest for the
                  | Orb.
     0 | D:1      | Reached XP level 1. HP: 16/16 MP: 1/1
   137 | D:1      | Reached skill level 4 in Ranged Weapons
   144 | D:1      | Gained mutation: You regenerate a little health from kills.
                  | [demonic ancestry]
   144 | D:1      | Reached XP level 2. HP: 22/22 MP: 2/2
   424 | D:2      | Noticed Jessica
   429 | D:2      | Killed Jessica
   430 | D:2      | Reached XP level 3. HP: 27/27 MP: 3/3
   486 | D:2      | Reached skill level 5 in Ranged Weapons
   489 | D:2      | Gained mutation: You sometimes gain a little power by
                  | taking damage. [demonic ancestry]
   489 | D:2      | Reached XP level 4. HP: 18/33 MP: 4/4
   712 | D:2      | Noticed Sigmund
   721 | D:2      | Killed Sigmund
   722 | D:2      | Reached skill level 6 in Ranged Weapons
   722 | D:2      | Gained mutation: You have a somewhat thin skeletal
                  | structure. (Dex +2, Stealth+) [demonic ancestry]
   722 | D:2      | Reached XP level 5. HP: 31/38 MP: 5/5
   767 | D:2      | Identified the +3 scale mail of Macaroni {Str+4 Dex+5
                  | Stlth-}
  1334 | D:3      | Reached XP level 6. HP: 44/44 MP: 6/6
  2018 | D:4      | Reached skill level 7 in Ranged Weapons
  2215 | D:4      | Reached XP level 7. HP: 49/50 MP: 7/7
  2407 | D:4      | Reached skill level 8 in Ranged Weapons
  2731 | D:4      | Found an iron altar of Okawaru.
  2883 | D:5      | Entered Level 5 of the Dungeon
  2883 | D:5      | Noticed Blork the orc
  2896 | D:4      | Killed Blork the orc
  3097 | D:5      | Noticed Ijyb
  3097 | D:5      | Noticed Edmund
  3109 | D:6      | HP: 1/50 [Edmund/+2 dire flail of holy wrath (2)]
  3130 | D:6      | HP: 2/50 [black bear (1)]
  3132 | D:6      | Reached skill level 9 in Ranged Weapons
  3134 | D:6      | Slain by an ice beast

Illustrated notes

Levels and vault maps discovered:
D:1:      heliophobic_arrival_glass_houses, layout_rooms
D:2:      minmay_roachtagon, layout_loops_ring, uniq_jessica, uniq_sigmund
D:3:      layout_rooms, serial_corexii_hall, corexii_hall_statues_l,
          chequers_hall_statues_corner_a, corexii_hall_statues_x,
          chequers_hall_statues_corner_a
D:4:      layout_basic, mainiacjoe_overflow_large_starburst, minmay_ruptured
D:5:      kennysheep_steamy, layout_cave_pods, uniq_ijyb, uniq_pikel,
          uniq_blork_the_orc, uniq_edmund
D:6:      layout_loops_corners, dreamdust_princess_corridor, glass_columns_a,
          uniq_prince_ribbit1

Skill      XL: |  1  2  3  4  5  6  7 |
---------------+----------------------+-----
Ranged Weapons | 4 5 6 7 9 |  9.1
Fighting       | |  2.0
Dodging        | |  1.7
Stealth        | |  0.8

Action                     |  1- 3 |  4- 6 |  7- 9 || total
---------------------------+-------+-------+-------++-------
  Melee: Dagger            |       |     1 |    69 ||    70
         Punch             |       |     1 |     2 ||     3
   Fire: Shortbow          |    57 |   161 |    48 ||   266
    Use: Scroll            |       |     5 |     1 ||     6
         Potion            |       |     8 |       ||     8
 Armour: Leather armour    |     6 |     4 |       ||    10
         Scale mail        |       |    57 |    96 ||   153
  Dodge: Dodged            |     8 |    44 |    41 ||    93
